 Dungeon Crawl Stone Soup version 0.17.0-56-gd8de76c (webtiles) character file.

284 septik the Cudgeler (level 6, -14/37 HPs)
             Began as a Gargoyle Fighter on Dec 5, 2015.
             Killed from afar by gorblad's ghost (25 damage)
             ... with an orb of energy
             ... in an ossuary.
             The game lasted 00:10:28 (2761 turns).

septik the Cudgeler (Gargoyle Fighter)              Turns: 2761, Time: 00:10:29

Health: -14/37     AC: 12    Str: 20    XL:     6   Next: 29%
Magic:  6/6        EV:  8    Int:  8    God:
Gold:   172        SH:  9    Dex: 11    Spells: 0 memorised, 5 levels left

rFire  . . .     SeeInvis .     a - +0 flail
rCold  + . .     Clarity  .     i - +2 ring mail {rC+}
rNeg   + . .     SustAt   .     c - +0 shield
rPois  ∞         Gourm    .     (no helmet)
rElec  +         Spirit   .     (no cloak)
rCorr  .         Warding  .     (no gloves)
rMut   .         Stasis   .     (no boots)
MR     .....                    (no amulet)
Stlth  +.........               (no ring)
                                h - ring of wizardry

@: not resistant to hostile enchantments, very unstealthy
A: negative energy resistance 1, electricity resistance, unbreathing,
petrification resistance, rot immunity, AC +4
a: no special abilities


You were in an ossuary.
You were hungry.

You visited 1 branch of the dungeon, and saw 4 of its levels.
You also visited: Ossuary.

You collected 172 gold pieces.

Inventory:

Hand Weapons
 a - a +0 flail (weapon)
 p - a +0 spear of pain
Missiles
 g - 2 javelins
 o - 177 stones (quivered)
Armour
 c - a +0 shield (worn)
 i - a +2 ring mail of cold resistance (worn)
 A - a +0 buckler of poison resistance
Jewellery
 h - a ring of wizardry (left hand)
 j - an uncursed ring of fire
Wands
 v - a wand of slowing (22)
Scrolls
 k - a scroll of immolation
 m - a scroll of enchant armour {unknown}
 w - a scroll of noise
 x - a scroll of magic mapping
 y - a scroll of identify
Potions
 d - a potion of might
 l - a potion of curing
 n - a potion of brilliance {unknown}
 q - a potion of agility {unknown}
 r - a potion of lignification {unknown}
 t - 2 potions of heal wounds {unknown}
 u - a potion of ambrosia {unknown}
Comestibles
 b - a chunk of flesh
 e - 3 bread rations
 f - 5 beef jerkies
 s - a meat ration
 z - a fruit


   Skills:
 - Level 3.2 Fighting
 + Level 6.4 Maces & Flails
 - Level 3.2 Armour
 - Level 3.2 Shields


You had 5 spell levels left.
You didn't know any spells.

Dungeon Overview and Level Annotations

Branches:
Dungeon (4/15)
 Temple: D:4-7

Altars:
Cheibriados
Yredelemnul
Zin

Shops:
D:2 *

Annotations:
Ossuary gorblad's ghost, novice OgCj


Innate Abilities, Weirdness & Mutations

You are resistant to torment.
Your stone body is resilient (AC +4).
You are immune to poison.
You resist negative energy.
You are resistant to electric shocks.
You can survive without breathing.
You are immune to petrification.
You are immune to rotting.


Message History

The world spins around you as you enter the gateway.
You enter an ossuary!
Gorblad's ghost (novice Ogre Conjurer) comes into view.
Gorblad's ghost turns its malevolent gaze towards you.
Found a gate leading back out of this place.
There is an empty arch of ancient stone here.
You closely miss gorblad's ghost. You block gorblad's ghost's attack.
You closely miss gorblad's ghost. Gorblad's ghost casts a spell at you.
The orb of energy misses you. Gorblad's ghost hits you!
You barely miss gorblad's ghost.
Gorblad's ghost gestures at you while chanting.
The orb of energy hits you!
* * * LOW HITPOINT WARNING * * *
The orb of energy explodes!
You closely miss gorblad's ghost.
Gorblad's ghost points at you and mumbles some strange words.
The orb of energy hits you!
Ouch! That really hurt!
You die...

#+#
#.#
##.##
#.@.#
#.W.#
#####


You could see gorblad's ghost.

Vanquished Creatures
  2 iguanas (D:4)
  2 orc priests (D:3)
  A hound skeleton (D:4)
  A mummy (D:4)
  6 adders (D:2)
  2 oozes (D:1)
  6 orcs (D:3)
  6 bats (D:2)
  A giant cockroach (D:2)
  8 goblins
  8 hobgoblins
  8 jackals
  8 kobolds
  2 ball pythons
  4 giant newts
  11 rats
76 creatures vanquished.

Notes
Turn   | Place    | Note
--------------------------------------------------------------
     0 | D:1      | septik the Gargoyle Fighter began the quest for the Orb.
     0 | D:1      | Reached XP level 1. HP: 14/14 MP: 1/1
    89 | D:1      | Reached XP level 2. HP: 16/19 MP: 2/2
   498 | D:1      | Reached XP level 3. HP: 12/23 MP: 3/3
   902 | D:2      | Reached skill level 4 in Maces & Flails
   959 | D:2      | Found Zin's Purification Station.
   962 | D:2      | Found a glowing silver altar of Zin.
  1051 | D:2      | Reached XP level 4. HP: 15/28 MP: 4/4
  1258 | D:2      | Found a snail-covered altar of Cheibriados.
  1671 | D:2      | Reached skill level 5 in Maces & Flails
  1677 | D:2      | Reached XP level 5. HP: 30/32 MP: 5/5
  2366 | D:3      | Found a basalt altar of Yredelemnul.
  2678 | D:4      | Reached skill level 6 in Maces & Flails
  2678 | D:4      | Reached XP level 6. HP: 37/37 MP: 6/6
  2744 | D:4      | Found a sand-covered staircase.
  2757 | Ossuary  | Entered an ossuary
  2757 | Ossuary  | Noticed gorblad's ghost (novice OgCj)
  2761 | Ossuary  | Killed from afar by gorblad's ghost

Action                   |  1- 3 |  4- 6 || total
-------------------------+-------+-------++-------
Melee: Flail             |   118 |   204 ||   322
Throw: Javelin           |     1 |     1 ||     2
       Stone             |       |     2 ||     2
  Use: Scroll            |       |     6 ||     6
  Eat: Chunk             |     1 |     5 ||     6
